 Dungeon Crawl Stone Soup version 0.28-a0-1560-g060a6a1bfc (webtiles) character file.

Game seed: 17888094382354979695

3031 Aksej the Slasher (level 9, -1/71 HPs)
             Began as a Demonspawn Monk on Jan 19, 2022.
             Was a Priest of Wu Jian.
             Slain by an orc warrior (4 damage)
             ... on level 7 of the Dungeon.
             The game lasted 00:20:20 (6066 turns).

Aksej the Slasher (Demonspawn Monk)                 Turns: 6066, Time: 00:20:20

Health: -1/71      AC: 12    Str: 13    XL:     9   Next: 56%
Magic:  0/9        EV: 16    Int: 12    God:    Wu Jian [***...]
Gold:   229        SH:  0    Dex: 22    Spells: 6/8 levels left

rFire   . . .      SeeInvis .   a - +1 falchion
rCold   + . .      Faith    .   (no shield)
rNeg    . . .      Spirit   +   h - +3 leather armour of Forking Paths {rC+}
rPois   .          Reflect  .   f - +2 helmet
rElec   .          Harm     .   (no cloak)
rCorr   .          Rampage  .   (no gloves)
Will    +....                   (boots unavailable)
Stlth   ++++......              b - amulet of guardian spirit
HPRegen 0.21/turn               l - +4 ring of slaying
MPRegen 0.11/turn               (no ring)

@: about to teleport, marked
A: hooves 3, slimy green scales 2, powered by death 1, spiny 1, thin skeletal
structure 1, strong-willed 1, strong 1
a: Renounce Religion, Wall Jump, Serpent's Lash


You were on level 7 of the Dungeon.
You worshipped Wu Jian.
Wu Jian was most pleased with you.
You visited 2 branches of the dungeon, and saw 8 of its levels.

You collected 229 gold pieces.

Inventory:

Hand Weapons
 a - a +1 falchion (weapon)
Missiles
 g - 5 javelins
 j - a boomerang (quivered)
Armour
 f - a +2 helmet (worn)
 h - the +3 leather armour of Forking Paths (worn) {rC+}
   (You found it on level 2 of the Dungeon)

   rC:        It protects you from cold.
Jewellery
 b - an amulet of guardian spirit (around neck)
 k - a ring of fire
 l - a +4 ring of slaying (left hand)
Wands
 n - a wand of mindburst (18)
 o - a wand of flame (18)
 t - a wand of polymorph (14)
 v - a wand of iceblast (8)
Scrolls
 r - a scroll of enchant armour
 u - 5 scrolls of teleportation
 w - 2 scrolls of summoning
 x - a scroll of blinking
Potions
 c - 3 potions of attraction
 e - 2 potions of brilliance
 i - 3 potions of ambrosia
 m - a potion of curing
 p - 2 potions of flight
 q - a potion of cancellation


   Skills:
 * Level 6.9 Fighting
 + Level 7.3 Long Blades
 + Level 3.1 Throwing
 + Level 3.4 Armour
 * Level 6.2 Dodging
 + Level 4.2 Stealth


You had 6 spell levels left.
You knew the following spells:

 Your Spells              Type           Power      Damage    Failure   Level
a - Slow                  Hex            0%         N/A       38%         1
b - Beastly Appendage     Tmut           0%         N/A       38%         1

Your spell library contained the following spells:

 Spells                   Type           Power      Damage    Failure   Level
 Wereblood                Tmut           0%         N/A       52%         2
 Confusing Touch          Hex            0%         N/A       77%         3
 Spider Form              Tmut/Pois      0%         N/A       77%         3
 Tukima's Dance           Hex            0%         N/A       77%         3
 Vampiric Draining        Necr           0%         2d6       77%         3
 Anguish                  Hex/Necr       0%         N/A       99%         4
 Animate Armour           Summ/Erth      0%         N/A       99%         4
 Summon Lightning Spire   Summ/Air       0%         N/A       99%         4
 Blade Hands              Tmut           0%         N/A       100%        5
 Iron Shot                Conj/Erth      0%         9d1       100%        6
 Storm Form               Tmut/Air       0%         N/A       100%        7
 Maxwell's Capacitive Co  Air            0%         ∞         100%        8


Dungeon Overview and Level Annotations

Branches:
Dungeon (7/15)             Temple (1/1) D:4

Altars:
Ashenzari
Dithmenos
Elyvilon
Fedhas
Hepliaklqana
Nemelex Xobeh
Qazlal
Ru
Sif Muna
Uskayaw
Vehumet
Wu Jian
Xom
Yredelemnul
Zin

Shops:
D:5 (

Annotations:
D:7 Harold


Innate Abilities, Weirdness & Mutations

You have hooves in place of feet.
You are mostly covered in slimy green scales. (AC +3)
You regenerate a little health from kills.
You are partially covered in sharp spines.
You have a somewhat thin skeletal structure. (Dex +2, Stealth+)
You are strong-willed. (Will+)
Your muscles are strong. (Str +2)


Message History

a +0 mace; an orc corpse
Things that are here:
a +0 dagger; 7 poisoned darts Harold fires a harpoon shot at you.
The harpoon shot hits you.
* * * LOW HITPOINT WARNING * * *
You are yanked forward by the harpoon shot.
As you read the scroll of teleportation, it crumbles to dust.
You feel strangely unstable.
The orc warrior hits you from afar with a +0 trident.
* * * LOW HITPOINT WARNING * * *
Harold hits you but does no damage.
Things that are here:
a +0 dagger; 7 poisoned darts Harold fires a harpoon shot at you.
The harpoon shot hits you.
* * * LOW HITPOINT WARNING * * *
You are yanked forward by the harpoon shot.
The orc warrior hits you from afar with a +0 trident!
* * * LOW HITPOINT WARNING * * *
Your surroundings suddenly seem different.
You hear a zap.
You hear a grinding noise.
You start resting.
You hear a zap.
You hear a grinding noise.
You hear a zap.
You hear a grinding noise.
You hear a zap.
You hear a grinding noise.
An orc warrior is nearby!
As you read the scroll of teleportation, it crumbles to dust.
You feel strangely unstable.
The orc warrior hits you but does no damage.
You hit the orc warrior but do no damage.
Your kick misses the orc warrior. The orc warrior closely misses you.
You closely miss the orc warrior. You kick the orc warrior.
The orc warrior is lightly wounded.
The orc priest calls down the wrath of Beogh upon you.
Beogh smites you!
* * * LOW HITPOINT WARNING * * *
The orc warrior is struck by your spines.
The orc warrior hits you with a +0 trident.
You die...

..........)..#
..#...........
#.......)....
#....##......o
..... ##.....#
### ####.
##...## #.# ##
##.##
#.####.#####
#.###
#.@oo.@....#
#....
########o#.#
##### . .. ..


You could see Harold, an orc warrior and 2 orc priests.

Vanquished Creatures
  Pikel (D:5)
  The ghost of Thargor the Ducker, a novice DjFE (D:4)
  Grinder (D:5)
  Prince Ribbit (D:6)
  Eustachio (D:5)
  2 ice beasts
  A hornet zombie (D:7)
  2 ogres
  A kobold brigand (D:7)
  Blork the orc (D:5)
  2 bullfrogs (D:6)
  A gnoll sergeant (D:6)
  A scorpion (D:6)
  5 wights
  A howler monkey (D:5)
  2 orc priests
  3 hounds
  A bullfrog skeleton (D:6)
  A centaur skeleton (D:6)
  Jessica (D:2)
  6 orc wizards
  A scorpion zombie (D:4)
  A hound zombie (D:4)
  A hound skeleton (D:4)
  5 gnolls
  3 adders
  2 shadow imps (D:6)
  A white imp (D:6)
  2 ufetubi
  An adder skeleton (D:4)
  3 worms (D:2)
  4 dart slugs
  20 orcs
  8 ball pythons
  5 bats
  7 endoplasms
  7 goblins
  13 hobgoblins
  3 jackals (D:3)
  4 quokkas
  A frilled lizard (D:3)
  7 kobolds
  5 rats
  A spectral hobgoblin (D:5)
141 creatures vanquished.

Notes
Turn   | Place    | Note
-------+----------+-------------------------------------------
     0 | D:1      | Aksej the Demonspawn Monk began the quest for the Orb.
     0 | D:1      | Reached XP level 1. HP: 18/18 MP: 1/1
   559 | D:1      | Got Masih's Reference Book on Bewitchment and Changing
   743 | D:1      | Gained mutation: You have large cloven feet. [demonic
                  | ancestry]
   743 | D:1      | Reached XP level 2. HP: 24/24 MP: 2/2
   823 | D:1      | Found a faded altar of an unknown god.
   829 | D:2      | Noticed Jessica
   847 | D:2      | Killed Jessica
   848 | D:2      | Reached skill level 3 in Long Blades
   848 | D:2      | Gained mutation: You are partially covered in sharp spines.
                  | [demonic ancestry]
   848 | D:2      | Reached XP level 3. HP: 16/29 MP: 3/3
  1250 | D:2      | Found a shadowy altar of Dithmenos.
  1462 | D:2      | Identified the +3 leather armour of Forking Paths {rC+}
  1467 | D:2      | Gained mutation: You have hoof-like feet. [demonic
                  | ancestry]
  1467 | D:2      | Reached XP level 4. HP: 37/37 MP: 4/4
  1995 | D:2      | Learned a level 1 spell: Slow
  2350 | D:3      | Gained mutation: You regenerate a little health from kills.
                  | [demonic ancestry]
  2350 | D:3      | Reached XP level 5. HP: 22/42 MP: 5/5
  2590 | D:3      | Found a stormy altar of Qazlal.
  2834 | D:3      | Identified the +5 spear "Kimy" {vorpal, rC- Str+5}
  2958 | D:4      | Noticed an ogre
  2968 | D:3      | Killed an ogre
  2969 | D:3      | Reached skill level 1 in Armour
  3091 | D:4      | Reached skill level 1 in Throwing
  3264 | D:4      | Gained mutation: You are partially covered in slimy green
                  | scales. (AC +2) [demonic ancestry]
  3264 | D:4      | Reached XP level 6. HP: 48/48 MP: 6/6
  3304 | D:4      | Identified the +7 spear of Luresutash {freeze, Int+4}
  3315 | D:4      | Found a staircase to the Ecumenical Temple.
  3321 | Temple   | Entered the Ecumenical Temple
  3533 | D:4      | Found a runed translucent gate.
  3533 | D:4      | Found a runed translucent gate.
  3533 | D:4      | Found a runed translucent gate.
  3533 | D:4      | Noticed Thargor's ghost (novice DjFE)
  3536 | D:4      | Found a basalt altar of Yredelemnul.
  3546 | D:4      | Reached skill level 4 in Long Blades
  3644 | D:4      | Killed Thargor's ghost
  3645 | D:4      | Gained mutation: You are mostly covered in slimy green
                  | scales. (AC +3) [demonic ancestry]
  3645 | D:4      | Reached XP level 7. HP: 55/55 MP: 7/7
  3681 | D:5      | Entered Level 5 of the Dungeon
  3681 | D:5      | Found Ypomoucy's Antique Weapon Shop.
  3975 | D:5      | Reached skill level 5 in Fighting
  3994 | D:5      | Found an ornate altar of the Wu Jian Council.
  4006 | D:5      | Became a worshipper of the Wu Jian Council
  4006 | D:5      | Reached * piety under Wu Jian
  4006 | D:5      | Reached ** piety under Wu Jian
  4095 | D:4      | Reached skill level 5 in Long Blades
  4212 | D:4      | Gained mutation: You have hooves in place of feet. [demonic
                  | ancestry]
  4212 | D:4      | Reached XP level 8. HP: 51/61 MP: 5/8
  4320 | D:5      | Noticed Blork the orc
  4329 | D:5      | Killed Blork the orc
  4343 | D:5      | Noticed Pikel
  4365 | D:5      | Killed Pikel
  4366 | D:5      | Reached skill level 5 in Dodging
  4373 | D:5      | Noticed Grinder
  4375 | D:5      | Reached skill level 6 in Long Blades
  4381 | D:5      | Paralysed by Grinder for 4 turns
  4388 | D:5      | Paralysed by Grinder for 3 turns
  4398 | D:5      | Killed Grinder
  4546 | D:5      | Noticed Eustachio
  4556 | D:5      | Killed Eustachio
  4557 | D:5      | Reached XP level 9. HP: 67/69 MP: 7/9
  4670 | D:5      | Found a hazy altar of Hepliaklqana.
  4905 | D:6      | Learned a level 1 spell: Beastly Appendage
  5238 | D:6      | Noticed Prince Ribbit
  5244 | D:6      | Killed Prince Ribbit
  5472 | D:6      | Reached skill level 7 in Long Blades
  5745 | D:6      | Reached *** piety under Wu Jian
  5990 | D:7      | Gained mutation: Your muscles are strong. (Str +2) [potion
                  | of mutation]
  5990 | D:7      | Gained mutation: You have a somewhat thin skeletal
                  | structure. (Dex +2, Stealth+) [potion of mutation]
  5990 | D:7      | Gained mutation: You are strong-willed. (Will+) [potion of
                  | mutation]
  5993 | D:7      | Noticed Harold
  6029 | D:7      | HP: 2/71 [orc warrior (7)]
  6066 | D:7      | HP: 3/71 [orc priest/divine providence (7)]
  6066 | D:7      | Slain by an orc warrior

Illustrated notes

Levels and vault maps discovered:
D:1:      dpeg_arrival_windows_large_door, layout_loops_cross,
          shapermc_ecumenical_altar_mp_vishouse, minmay_misc_feat_alley
D:2:      minmay_angry_zag, layout_basic, serial_glass, glass_columns_b,
          glass_columns_b, basic_altar, minmay_fractal_squares_gapless_5,
          uniq_jessica
D:3:      layout_basic, nicolae_qazlal_general_emergency
D:4:      layout_rooms, nicolae_yredelemnul_ghost_church, temple_green,
          minmay_diced_spiral
D:5:      layout_loops_ring, marbit_many_paths, nzn_wu_jian_contemplation,
          nicolae_hepliaklqana_monster_ancestors, serial_shops, shop,
          uniq_eustachio, uniq_blork_the_orc, uniq_pikel, uniq_grinder
D:6:      layout_loops_cross, uniq_prince_ribbit1
D:7:      layout_loops_ring, kiku_gazebo_pond_becter, bloody_makhleb,
          mainiacjoe_overflow_divided_tiny, hangedman_decor_diamond_cutter,
          uniq_harold
Temple:   eino_wide_crystal_templ

Skill      XL: |  1  2  3  4  5  6  7  8  9 |
---------------+----------------------------+-----
Long Blades    | 3 4 5 6 7 |  7.3
Dodging        | 3 4 5 6 |  6.2
Stealth        | 2 3 4 |  4.2
Fighting       | 4 5 6 |  6.9
Armour         | 1 2 3 |  3.4
Throwing       | 1 2 3 |  3.1

Action                   |  1- 3 |  4- 6 |  7- 9 || total
-------------------------+-------+-------+-------++-------
Melee: Falchion          |    62 |   105 |   192 ||   359
       Kick              |     4 |    22 |    67 ||    93
       Punch             |       |     1 |     4 ||     5
Throw: Javelin           |     9 |    12 |       ||    21
       Boomerang         |       |     3 |    17 ||    20
Invok: Whirlwind         |       |       |    45 ||    45
       Lunge             |       |       |    18 ||    18
  Use: Scroll            |     5 |     3 |    10 ||    18
       Potion            |       |     4 |     2 ||     6
 Stab: Sleeping          |     3 |     7 |     4 ||    14
       Distracted        |     1 |       |     1 ||     2
Armor: Robe              |    25 |       |       ||    25
       Leather armour    |       |    37 |    57 ||    94
Dodge: Dodged            |    58 |    77 |    74 ||   209

Table legend: (Time is in decaauts)
 A = Elapsed time spent in this place.
 B = Non-inter-level travel time spent in this place.
 C = Inter-level travel time spent in this place.
 D = Time resting spent in this place.
 E = Time spent auto-exploring this place.
 F = Levels seen in this place.
 G = Mean time per level.
                   A        B        C        D        E       F      G
               +--------+--------+--------+--------+--------+-----+--------+
         Total |   6116 |   5866 |    250 |    299 |   4432 |   8 |  764.5 |
       Dungeon |   6062 |   5824 |    238 |    299 |   4398 |   7 |  866.0 |
        Temple |     54 |     42 |     12 |      0 |     34 |   1 |   54.0 |
               +--------+--------+--------+--------+--------+-----+--------+

Top non-repeatable levels by time:
     D:2: 1214 daAuts
     D:3: 1064 daAuts
     D:6: 1051 daAuts
     D:5: 939 daAuts
     D:1: 833 daAuts
     D:4: 755 daAuts
     D:7: 201 daAuts
  Temple: 54 daAuts
